 Dungeon Crawl Stone Soup version 0.28-b1-25-g9875b3fc8c (webtiles) character file.

Game seed: 7830208523848914271

346 mcbry74 the Ruffian (level 6, -8/59 HPs)
             Began as a Troll Fighter on Jan 31, 2022.
             Killed by divine providence
             ... invoked by an orc priest
              (10 damage)
             ... on level 4 of the Dungeon.
             The game lasted 00:06:28 (2630 turns).

mcbry74 the Ruffian (Troll Fighter)                 Turns: 2630, Time: 00:06:29

Health: -8/59      AC:  4    Str: 25    XL:     6   Next: 32%
Magic:  5/5        EV:  8    Int:  6    God:
Gold:   122        SH:  7    Dex:  9    Spells: 5/5 levels left

rFire   . . .      SeeInvis .   l - +2 whip (venom)
rCold   . . .      Faith    .   b - +0 kite shield
rNeg    . . .      Spirit   .   a - +0 robe
rPois   +          Reflect  .   (helmet restricted)
rElec   .          Harm     .   (no cloak)
rCorr   .          Rampage  .   (gloves unavailable)
Will    .....                   (boots unavailable)
Stlth   +.........              (no amulet)
HPRegen 0.99/turn               g - ring of poison resistance
MPRegen 0.09/turn               (no ring)

@: no status effects
A: large, unfitting armour, claws 3, regeneration 1, shaggy fur 1, tough skin 1
a: no special abilities


You were on level 4 of the Dungeon.
You visited 1 branch of the dungeon, and saw 4 of its levels.

You collected 122 gold pieces.

Inventory:

Hand Weapons
 i - a +0 whip
 l - a +2 whip of venom (weapon)
Missiles
 e - a boomerang (quivered)
 f - 53 sling bullets
 v - 7 poisoned darts
Armour
 a - a +0 robe (worn)
 b - a +0 kite shield (worn)
 k - the +0 robe of Indomitability {Harm +Blink rF- Str+5}
   (You found it on level 2 of the Dungeon)

   Str:       It affects your strength (+5).
   rF:        It makes you vulnerable to fire.
   +Blink:    It lets you blink.
   Harm:      It increases damage dealt and taken.
Magical Staves
 h - a staff of conjuration
Jewellery
 g - a ring of poison resistance (left claw)
 q - an amulet of magic regeneration
Scrolls
 d - a scroll of teleportation {unknown}
 j - 2 scrolls of torment {unknown}
 n - a scroll of immolation {unknown}
 o - a scroll of noise {unknown}
 p - a scroll of identify {unknown}
 s - 4 scrolls of amnesia {unknown}
 u - a scroll of fear {unknown}
Potions
 c - 3 potions of might
 m - a potion of resistance {unknown}
 r - a potion of mutation {unknown}
 t - a potion of cancellation {unknown}
 w - a potion of invisibility {unknown}


   Skills:
 - Level 2.4 Fighting
 + Level 2.8 Maces & Flails
 - Level 2.4 Dodging
 - Level 2.4 Shields
 + Level 5.9 Unarmed Combat


You had 5 spell levels left.
You didn't know any spells.
Your spell library was empty.

Dungeon Overview and Level Annotations

Branches:
Dungeon (4/15)
 Temple: D:4-7

Altars:


Innate Abilities, Weirdness & Mutations

You are too large for most types of armour.
You have claws for hands.
Your natural rate of healing is unusually fast.
You are covered in fur. (AC +1)
You have tough skin. (AC +1)


Message History

You hit the phantom.
The phantom is almost destroyed.
The phantom hits you but does no damage.
You miss the phantom.
The phantom is almost destroyed.
The phantom hits you but does no damage.
You closely miss the phantom.
The phantom is almost destroyed.
You block the phantom's attack.
You hit the phantom.
The phantom is almost destroyed.
You block the phantom's attack.
You closely miss the phantom.
The phantom is almost destroyed.
The phantom barely misses you. The phantom hits you.
The phantom blinks!
You blink.
You barely miss the phantom.
The phantom is almost destroyed.
The phantom hits you but does no damage.
You hit the phantom.
You destroy the phantom!
The orc hits you with a +0 hand axe.
You completely miss the orc. The orc hits you with a +0 hand axe.
You hit the orc.
The orc is poisoned.
The orc is moderately wounded.
The orc priest calls down the wrath of Beogh upon you.
Pain shoots through your body!
* * * LOW HITPOINT WARNING * * *
The orc hits you with a +0 hand axe.
* * * LOW HITPOINT WARNING * * *
You hit the orc priest but do no damage.
You kill the orc!
The orc priest closely misses you. The orc priest hits you with a +0 club.
* * * LOW HITPOINT WARNING * * *
You hit the orc priest.
The orc priest is moderately wounded.
You block the adder's attack.
The orc priest calls down the wrath of Beogh upon you.
Beogh smites you!
You die...

#.... .# #.#. #.#
#.. #.# ##+# #.#
#.# #...## #.# ..#
.....## #.#####.#
......## #....)..#
.......####..o##o#
.>.....'.).....#@#
.......####...##S#
......## ##.###.#
.....## ### #.#
#...## #.# ##'##
#.# #.# #.# #.#
####.# ##)##
#....#


You could see an orc priest and an adder.

Vanquished Creatures
  An ogre (D:4)
  A phantom (D:4)
  A gnoll shaman (D:2)
  An orc wizard (D:4)
  3 gnolls (D:2)
  2 adders
  2 worms (D:2)
  2 dart slugs
  3 orcs (D:4)
  5 ball pythons
  8 endoplasms
  3 giant cockroaches
  3 goblins
  4 hobgoblins
  9 jackals (D:2)
  4 quokkas
  2 bats
  4 frilled lizards
  6 kobolds
  9 rats
73 creatures vanquished.

Notes
Turn   | Place    | Note
-------+----------+-------------------------------------------
     0 | D:1      | mcbry74 the Troll Fighter began the quest for the Orb.
     0 | D:1      | Reached XP level 1. HP: 22/22 MP: 0/0
   287 | D:1      | Reached XP level 2. HP: 26/29 MP: 1/1
   350 | D:1      | Reached skill level 3 in Unarmed Combat
   774 | D:2      | Identified the +0 robe of Indomitability {Harm +Blink rF-
                  | Str+5}
   843 | D:2      | Reached XP level 3. HP: 30/36 MP: 2/2
   954 | D:2      | Reached skill level 4 in Unarmed Combat
   954 | D:2      | Reached XP level 4. HP: 29/44 MP: 3/3
  1630 | D:2      | Reached skill level 5 in Unarmed Combat
  1715 | D:3      | Reached skill level 1 in Maces & Flails
  1911 | D:3      | Reached XP level 5. HP: 50/50 MP: 4/4
  1913 | D:3      | Found a faded altar of an unknown god.
  2568 | D:4      | Noticed an ogre
  2576 | D:4      | Killed an ogre
  2592 | D:4      | Noticed a phantom
  2603 | D:4      | Reached XP level 6. HP: 53/59 MP: 5/5
  2629 | D:4      | HP: 1/59 [orc priest (5)]
  2630 | D:4      | Killed from afar by an orc priest

Illustrated notes

Levels and vault maps discovered:
D:1:      dpeg_arrival_round_b, layout_loops_ring
D:2:      layout_basic, kennysheep_potato
D:3:      layout_basic, chequers_ecumenical_altar_simple_redux, serial_undead,
          serial_undead_f, serial_undead_c, serial_undead_b, serial_undead_f
D:4:      layout_loops_corners, uniq_ijyb, uniq_sigmund

Skill      XL: |  1  2  3  4  5 |
---------------+----------------+-----
Unarmed Combat | 3 4 5 |  5.9
Maces & Flails | 1 2 |  2.8
Fighting       | |  2.4
Dodging        | |  2.4
Shields        | |  2.4

Action                   |  1- 3 |  4- 6 || total
-------------------------+-------+-------++-------
Melee: Unarmed           |    65 |     8 ||    73
       Whip              |       |   103 ||   103
Throw: Boomerang         |       |     2 ||     2
Armor: Robe              |    13 |    19 ||    32
Dodge: Dodged            |    16 |    33 ||    49
Block: Kite shield       |    25 |    28 ||    53
